Map: Dusk Towers

Players

ILLBdA

  • Race: Protoss Protoss
  • League: Diamond

Esunsin - Winner!

  • Race: Terran Terran
  • League: Diamond

VOD

Have the link to the VOD?

Description

Time

  • Played on: Dec. 29, 2015, 12:25 p.m.
  • Length: 14:00
Show
View Real Time Build Order
Export as new Build Order

ILLBdA Protoss 

Build Orders: Nexus First 

Get SALT Encoding   

  12  0:01  Probe (Chrono Boost)  
  13  0:11  Probe (Chrono Boost)  
  14  0:18  Pylon  
  14  0:22  Probe (Chrono Boost)  
  15  0:36  Probe (Chrono Boost)  
  16  0:47  Probe (Chrono Boost)  
  17  0:57  Nexus  
  17  1:07  Gateway  
  17  1:10  Probe (Chrono Boost)  
  18  1:21  Probe (Chrono Boost)  
  18  1:22  Assimilator  
  19  1:27  Assimilator  
  19  1:31  Probe (Chrono Boost)  
  20  1:40  Gateway  
  20  1:42  Probe (Chrono Boost)  
  21  1:52  Probe (Chrono Boost)  
  22  1:58  Cybernetics Core  
  22  2:03  Probe (Chrono Boost), Pylon  
  23  2:09  Probe (Chrono Boost)  
  23  2:14  Probe (Chrono Boost)  
  25  2:20  Probe (Chrono Boost)  
  26  2:24  Probe (Chrono Boost)  
  27  2:30  Probe (Chrono Boost)  
  27  2:34  Adept x2 (Chrono Boost)  
  27  2:36  Warp Gate  
  32  2:39  Mothership Core  
  32  2:42  Probe  
  35  2:54  Probe  
  35  3:08  Adept (Chrono Boost)  
  37  3:16  Probe  
  37  3:17  Probe  
  39  3:26  Twilight Council  
  39  3:28  Probe  
  39  3:29  Probe  
  41  3:39  Nexus  
  41  3:43  Probe  
  41  3:45  Pylon  
  42  3:56  Probe  
  42  4:02  Blink (Chrono Boost)  
  43  4:04  Probe (Chrono Boost)  
  43  4:07  Assimilator  
  43  4:08  Assimilator  
  43  4:09  Probe (Chrono Boost)  
  45  4:10  Forge  
  45  4:16  Probe (Chrono Boost)  
  46  4:17  Pylon  
  46  4:20  Probe (Chrono Boost)  
  47  4:28  Robotics Facility  
  47  4:31  Probe (Chrono Boost), Pylon  
  48  4:42  Stalker x2  
  52  4:46  Photon Cannon  
  52  4:51  Pylon  
  52  4:52  Probe (Chrono Boost)  
  53  4:53  Probe (Chrono Boost)  
  53  4:57  Probe (Chrono Boost)  
  55  5:02  Probe (Chrono Boost)  
  55  5:06  Stalker  
  58  5:09  Stalker  
  60  5:15  Probe (Chrono Boost)  
  60  5:19  Observer (Chrono Boost)  
  60  5:20  Probe  
  63  5:29  Probe, Gateway  
  63  5:34  Gateway  
  64  5:38  Gateway  
  64  5:39  Gateway, Observer (Chrono Boost)  
  65  5:47  Probe  
  66  5:51  Probe, Protoss Ground Armor Level 1 (Chrono Boost)  
  66  5:56  Stalker x2, Probe  
  71  6:00  Probe  
  71  6:02  Assimilator  
  73  6:06  Assimilator  
  73  6:08  Pylon  
  73  6:14  Probe  
  73  6:15  Probe, Pylon  
  73  6:17  Probe  
  73  6:18  Warp Prism  
  78  6:32  Stalker x4  
  84  6:38  Templar Archives  
  86  6:46  Probe  
  87  6:51  Stalker x2  
  91  6:55  Probe, Pylon  
  92  7:02  Stalker  
  92  7:05  Psionic Storm  
  92  7:07  Probe  
  95  7:10  Gateway  
  95  7:12  Gateway  
  95  7:13  Gateway  
  95  7:18  High Templar  
  95  7:19  High Templar x3  
  103  7:27  Probe  
  104  7:31  High Templar x2  
  104  7:33  Probe  
  108  7:50  Probe  
  109  7:55  Probe, Photon Cannon  
  109  7:57  Probe  
  111  8:01  Protoss Ground Armor Level 2  
  111  8:10  Pylon  
  111  8:12  Gateway  
  111  8:14  Gateway  
  111  8:16  Nexus  
  111  8:17  Pylon  
  111  8:22  Stalker x3  
  111  8:45  Stalker  
  111  8:46  Stalker x5  
  123  8:52  Pylon  
  123  8:53  Pylon  
  122  8:55  Pylon  
  114  9:19  Stalker x2  
  114  9:20  Stalker x3  
  124  9:33  High Templar x5  
  124  9:34  High Templar  
  124  9:37  Archon x2  
  124  9:38  Archon  
  136  9:46  Pylon  
  136  9:47  Pylon  
  136  9:48  Pylon  
  136  9:50  Pylon  
  136  10:01  Gateway x2  
  136  10:02  Gateway  
  136  10:04  Pylon  
  136  10:05  Pylon, Protoss Ground Armor Level 3  
  136  10:09  Photon Cannon  
  136  10:11  Photon Cannon  
  136  10:14  High Templar x3, Photon Cannon x2  
  136  10:15  High Templar  
  136  10:17  Photon Cannon  
  136  10:18  Photon Cannon  
  144  10:32  Assimilator  
  144  10:33  Assimilator  
  144  10:34  Pylon  
  144  10:37  Dark Shrine  
  144  10:43  Pylon  
  144  10:48  Stalker x3  
  135  11:02  Pylon  
  135  11:12  Pylon  
  135  11:13  Pylon  
  135  11:25  High Templar x3  
  137  11:26  High Templar  
  137  11:30  Archon  
  137  11:31  Stalker, Archon  
  137  11:32  Stalker x2  
  149  11:34  Zealot x3  
  149  11:35  Zealot  
  157  11:41  Warp Prism, High Templar  
  157  11:42  Stalker  
  153  12:02  Dark Templar x3  
  156  12:13  Stalker x2  
  160  12:17  Mothership Core  
  162  12:32  Photon Cannon  
  162  12:43  Stalker x2  
  162  12:44  Stalker  
  168  13:03  Stalker x3  
  168  13:04  Stalker  
  174  13:18  Archon  
  128  13:23  High Templar x3  
  128  13:24  High Templar x2  
  128  13:39  High Templar  
  128  13:40  High Templar  
  132  13:41  Zealot  
  132  13:42  Zealot x3  
  138  13:52  Dark Templar  
Show
View Real Time Build Order
Export as new Build Order

Esunsin Terran - Winner!

Build Orders: MMM Bio 

Get SALT Encoding   

  12  0:01  SCV  
  13  0:17  SCV, Supply Depot  
  14  0:29  SCV  
  15  0:40  Barracks  
  15  0:44  Refinery  
  15  0:56  Barracks  
  15  1:02  Refinery  
  15  1:07  SCV  
  16  1:19  SCV  
  17  1:29  Reaper  
  17  1:32  SCV  
  19  1:44  Orbital Command  
  19  1:47  Reaper  
  20  2:01  Reaper  
  21  2:13  SCV  
  22  2:17  Supply Depot  
  22  2:19  Reaper  
  23  2:39  Reaper  
  23  2:43  Factory  
  24  2:44  Supply Depot  
  24  2:51  Reaper  
  23  3:21  SCV  
  24  3:29  Barracks Tech Lab  
  24  3:30  Command Center, Barracks Reactor, Starport  
  24  3:35  SCV  
  25  3:47  SCV, Factory Reactor  
  24  4:00  SCV  
  24  4:02  Marauder  
  27  4:03  Stimpack  
  27  4:19  Command Center  
  27  4:21  SCV  
  28  4:24  Supply Depot  
  28  4:34  Factory Reactor  
  28  4:35  SCV  
  29  4:47  SCV, Orbital Command  
  30  4:56  Marauder  
  30  4:59  SCV  
  33  5:05  Barracks  
  33  5:11  SCV  
  33  5:13  SCV  
  35  5:16  Medivac  
  37  5:27  SCV  
  37  5:28  SCV  
  39  5:29  Supply Depot, Marine  
  39  5:30  Marauder  
  39  5:34  SCV  
  43  5:39  SCV  
  41  5:50  Marine  
  41  5:51  Marauder, Marine  
  45  6:05  Factory Reactor  
  45  6:07  Orbital Command  
  45  6:08  Marine x2  
  47  6:12  SCV  
  47  6:13  SCV  
  47  6:17  Refinery  
  47  6:18  Marine x2  
  53  6:20  Combat Shields  
  53  6:21  Marauder  
  53  6:25  SCV x2  
  55  6:26  Marine x2  
  57  6:35  Supply Depot  
  57  6:36  Marine  
  57  6:37  SCV x2  
  57  6:38  Marine  
  57  6:39  Medivac  
  63  6:43  Marauder  
  63  6:44  Marine x2  
  67  7:06  Medivac  
  67  7:07  Marauder, Marine x4  
  74  7:12  Barracks, Medivac  
  76  7:16  SCV, Barracks  
  77  7:25  Marine  
  77  7:28  SCV  
  77  7:29  Marauder  
  81  7:34  Ghost Academy  
  79  7:50  Marauder  
  81  7:52  Marine x4  
  81  7:56  Concussive Shells  
  85  7:59  Barracks Tech Lab  
  85  8:01  Supply Depot  
  85  8:04  Supply Depot  
  85  8:07  SCV, Engineering Bay x2  
  85  8:10  Marine  
  85  8:11  Armory, Refinery, Marauder  
  85  8:12  SCV  
  90  8:14  Supply Depot  
  90  8:17  Marine x3  
  90  8:18  Marine  
  90  8:19  SCV  
  96  8:24  SCV  
  96  8:33  Marauder  
  98  8:36  SCV  
  99  8:46  Marauder, Marine x2  
  97  8:50  Marine  
  97  8:51  Marine x2  
  97  8:54  Marauder  
  101  9:07  Marauder  
  76  9:11  Marine x4  
  76  9:12  Marine x2  
  76  9:13  SCV  
  76  9:15  Marauder  
  83  9:24  Medivac x2  
  84  9:25  SCV  
  84  9:28  Marine  
  84  9:29  Marauder  
  88  9:37  SCV, Refinery, Marauder  
  91  9:43  Missile Turret  
  91  9:44  Missile Turret  
  91  9:46  Missile Turret  
  91  9:50  Missile Turret, Marauder  
  93  9:53  Missile Turret  
  93  9:54  Medivac x2  
  93  9:56  Missile Turret  
  93  9:58  Marauder  
  99  10:09  Marine x6  
  99  10:12  Marauder  
  99  10:13  Terran Infantry Weapons Level 1, Terran Infantry Armor Level 1  
  107  10:20  Marauder  
  110  10:21  SCV x3  
  110  10:27  Marine x3  
  115  10:33  SCV, Marauder  
  118  10:39  Command Center  
  118  10:40  Ghost  
  120  10:47  Sensor Tower  
  120  10:54  Ghost  
  122  11:00  Marine x3  
  125  11:11  Supply Depot  
  125  11:13  Supply Depot x2  
  125  11:32  Ghost x2, Marine x3  
  132  11:34  Marine x3  
  132  11:35  Medivac x2  
  132  11:37  Supply Depot x2  
  132  12:01  Marauder x2  
  132  12:05  Medivac  
  132  12:06  Marine x3  
  135  12:13  Marine x2  
  135  12:14  Planetary Fortress, Marine  
  133  12:17  SCV x3  
  140  12:23  Medivac, Marauder x2  
  140  12:29  SCV  
  143  12:35  Medivac  
  145  12:40  Marine x2  
  145  12:41  Marine x4  
  155  12:44  Marauder x2  
  155  12:45  SCV x2  
  155  12:46  SCV  
  158  12:58  Marine x2  
  149  13:01  Marine x3  
  149  13:02  Marine  
  156  13:05  Marauder x2  
  156  13:16  Marine x2  
  135  13:20  Marine x4  
  135  13:26  SCV x3  
  145  13:27  Marauder x2  
  145  13:29  Medivac x2  
  145  13:34  Marine x2  
  149  13:38  SCV  
Tags
 
Composition
MMM Bio
Matchup
PvT
Replay Pack
me
Add a new tag
Caveats
  • Supply blocks, unpowered buildings, or Contaminate may cause inaccurate times.
  • Supply counts are checked every 10 seconds.